 Dungeon Crawl Stone Soup version 0.20.1-1-g8b1a95d (console) character file.

25 bli the Caller (level 3, -4/25 HPs)
             Began as a Merfolk Summoner on Aug 9, 2017.
             Slain by Terence
             ... wielding a +0 flail
              (7 damage)
             ... on level 2 of the Dungeon.
             The game lasted 00:05:15 (2006 turns).

bli the Caller (Merfolk Summoner)                   Turns: 2006, Time: 00:05:16

Health: -4/25      AC:  2    Str:  8    XL:     3   Next: 6%
Magic:  2/6        EV: 13    Int: 14    God:
Gold:   25         SH:  0    Dex: 15    Spells: 5/6 levels left

rFire    . . .     SeeInvis .   g - +0 dagger
rCold    . . .     Gourm    .   (no shield)
rNeg     . . .     Faith    .   a - +0 robe
rPois    .         Spirit   .   (no helmet)
rElec    .         Reflect  .   (no cloak)
rCorr    .         Harm     .   (no gloves)
MR       .....                  (no boots)
Stlth    ++........             (no amulet)
Regen    0.1/turn               (no ring)
MPRegen  0.1/turn               (no ring)

@: no status effects
A: change form in water, swift swim, stealthy swim
a: no special abilities


You were on level 2 of the Dungeon.
You were not hungry.

You visited 1 branch of the dungeon, and saw 2 of its levels.

You collected 25 gold pieces.

Inventory:

Hand Weapons
 g - a +0 dagger (weapon)
Missiles
 d - 29 stones (quivered)
Armour
 a - a +0 robe (worn)
Scrolls
 e - a scroll of magic mapping {unknown}
 f - a scroll of identify {unknown}
 j - a scroll of noise {unknown}
 l - 2 scrolls of teleportation {unknown}
Potions
 k - a potion of agility {unknown}
 m - a potion of degeneration {unknown}
Books
 b - a book of Callings

   Spells                             Type                      Level
   a - Summon Small Mammal            Summoning                    1
   b - Call Imp                       Summoning                    2
   c - Call Canine Familiar           Summoning                    3
   d - Summon Guardian Golem          Hexes/Summoning              3
   e - Summon Lightning Spire         Summoning/Air                4
   f - Summon Ice Beast               Ice/Summoning                4
Comestibles
 c - 2 bread rations
 h - a royal jelly
 i - 3 fruits
 n - 2 chunks of flesh


   Skills:
 * Level 0.7 Fighting
 * Level 3.1 Dodging
 + Level 2.2 Stealth
 + Level 2.3 Spellcasting
 + Level 4.4 Summonings


You had 5 spell levels left.
You knew the following spells:

 Your Spells              Type           Power        Failure   Level  Hunger
a - Summon Small Mammal   Summ           ##..         3%          1    #......


Dungeon Overview and Level Annotations

Branches:
Dungeon (2/15)

Altars:

Annotations:
D:2 Terence


Message History

Your quokka closely misses Terence.
Your rat bites Terence but does no damage. x2
You hit Terence but do no damage.
Terence is heavily wounded.
Terence hits you with a flail.
Your quokka barely misses Terence.
Your rat barely misses Terence. x2
Casting: Summon Small Mammal
Confirm with . or Enter, or press ? or * to list all spells.
Your quokka disappears in a puff of smoke!
Your rat bites Terence.
Terence hits you with a flail.
Your rat completely misses Terence.
Your rat bites Terence but does no damage.
You barely miss Terence.
Terence is severely wounded.
Your rat barely misses Terence.
Terence hits you with a flail!
* * * LOW HITPOINT WARNING * * *
Your quokka barely misses Terence.
Your rat bites Terence but does no damage. x2
You hit Terence but do no damage.
Terence is severely wounded.
Your rat misses Terence.
Your quokka closely misses Terence.
Terence hits you with a flail!
You die...

#+## ##...##
##.....##
##.......##
#.....>...#
+.r.r.....+
#.r@ยง.....#
#r@.....#
##.....##
##..<##
##+##


You could see Terence, a friendly quokka and 3 friendly rats.

Vanquished Creatures
  4 bats (D:1)
  2 goblins (D:1)
  A hobgoblin (D:1)
  A frilled lizard (D:1)
  4 kobolds (D:1)
  4 rats (D:1)
16 creatures vanquished.

Vanquished Creatures (collateral kills)
  A giant cockroach (D:1)
  A goblin (D:1)
  A hobgoblin (D:1)
  4 jackals (D:1)
  3 kobolds (D:1)
  2 rats (D:1)
12 creatures vanquished.

Grand Total: 28 creatures vanquished

Notes
Turn   | Place    | Note
-------+----------+-------------------------------------------
     0 | D:1      | bli the Merfolk Summoner began the quest for the Orb.
     0 | D:1      | Reached XP level 1. HP: 13/13 MP: 3/3
   707 | D:1      | Reached XP level 2. HP: 19/19 MP: 5/5
  1918 | D:1      | Reached XP level 3. HP: 25/25 MP: 3/6
  1986 | D:2      | Noticed Terence
  2006 | D:2      | Slain by Terence

Skill      XL: |  1  2 |
---------------+-------+-----
Dodging        | 3 |  3.1
Fighting       | |  0.7
Stealth        | |  2.2
Spellcasting   | |  2.3
Summonings     | |  4.4

Action                   || total
-------------------------++-------
Melee: Dagger            ||    98
       Unarmed           ||     7
 Cast: Summon Small Mamm ||    27
 Stab: Sleeping          ||     3
       Distracted        ||     1
  Eat: Chunk             ||     4
Armor: Robe              ||    17
Dodge: Dodged            ||    96
